 Dungeon Crawl Stone Soup version 0.28-a0-779-g3d1f99b579 (webtiles) character file.

Game seed: 13888259037794693197

13706 kae the Grappler (level 11, 0/114 HPs)
             Began as a Pale Draconian Transmuter on Nov 2, 2021.
             Was a Priest of Wu Jian.
             Hit by a large rock thrown by a cyclops (23 damage)
             ... on level 11 of the Dungeon.
             The game lasted 00:11:50 (16814 turns).

kae the Grappler (Pale Draconian Transmuter)       Turns: 16814, Time: 00:11:51

Health: 0/114      AC:  8    Str: 14    XL:     11   Next: 79%
Magic:  0/21       EV: 12    Int: 16    God:    Wu Jian [***...]
Gold:   976        SH:  0    Dex: 11    Spells: 16/24 levels left

rFire   x . .      SeeInvis .     - Unarmed
rCold   + + +      Faith    .   (shield currently unavailable)
rNeg    . . .      Spirit   +   (armour unavailable)
rPois   +          Reflect  .   (helmet currently unavailable)
rElec   .          Harm     .   (cloak currently unavailable)
rCorr   +          Rampage  .   (gloves currently unavailable)
Will    .....                   (boots currently unavailable)
Stlth   +.........              i - amulet of guardian spirit
HPRegen 0.29/turn               f - ring of resist corrosion
MPRegen 0.17/turn               (no ring)

@: ice-form
A: freezing attack, amphibious, boosted hp, (breathe steam), AC +7, large,
unfitting armour, (cold-blooded), (steam resistance)
a: End Transformation, Renounce Religion, Wall Jump, Serpent's Lash


You were on level 11 of the Dungeon.
You worshipped Wu Jian.
Wu Jian was most pleased with you.
You were a creature of crystalline ice.
You visited 2 branches of the dungeon, and saw 12 of its levels.
You visited the Abyss 1 time.

You collected 1241 gold pieces.
You spent 265 gold pieces at shops.

Inventory:

Hand Weapons
 c - a +2 dagger of chaos
Missiles
 v - a throwing net
Armour
 u - a +2 hat (melded)
Jewellery
 f - a ring of resist corrosion (left front paw)
 i - an amulet of guardian spirit (around neck)
Wands
 t - a wand of acid (10)
 w - a wand of flame (83)
 y - a wand of polymorph (2)
 A - a wand of iceblast (16)
 D - a wand of paralysis (8)
Scrolls
 d - 7 scrolls of teleportation
 e - 3 scrolls of enchant weapon
 g - 3 scrolls of fear
 p - a scroll of brand weapon
 r - 3 scrolls of magic mapping
 z - 4 scrolls of enchant armour
 C - a scroll of amnesia
Potions
 a - 2 potions of haste
 b - 3 potions of attraction
 h - a potion of brilliance
 j - 6 potions of flight
 k - a potion of invisibility
 l - 3 potions of resistance
 m - 2 potions of magic
 n - 3 potions of berserk rage
 o - 4 potions of curing
 q - 2 potions of heal wounds
 s - 3 potions of ambrosia
 x - a potion of might
 B - a potion of cancellation {unknown}
 F - a potion of lignification {unknown}


   Skills:
 + Level 8.3 Fighting
 + Level 7.1 Dodging
 * Level 11.2 Unarmed Combat
 + Level 7.1 Spellcasting
 + Level 7.7 Transmutations
 - Level 5.0 Ice Magic
 - Level 2.0 Poison Magic


You had 16 spell levels left.
You knew the following spells:

 Your Spells              Type           Power      Damage    Failure   Level
a - Beastly Appendage     Tmut           60%        N/A       1%          1
b - Spider Form           Tmut/Pois      21%        N/A       4%          3
c - Ice Form              Ice/Tmut       26%        N/A       9%          4

Your spell library contained the following spells:

 Spells                   Type           Power      Damage    Failure   Level
 Wereblood                Tmut           30%        N/A       1%          2
 Ignite Poison            Fire/Tmut/Pois 16%        N/A       10%         3
 Magic Dart               Conj           20%        1d4       12%         1
 Call Imp                 Summ           5%         N/A       19%         2
 Scorch                   Fire           10%        2d6       19%         2
 Mephitic Cloud           Conj/Pois/Air  7%         N/A       28%         3
 Conjure Flame            Conj/Fire      5%         6-21      36%         3
 Dazzling Flash           Conj/Hex       10%        N/A       36%         3
 Stone Arrow              Conj/Erth      10%        3d7       36%         3
 Irradiate                Conj/Tmut      9%         3d16      56%         5
 Yara's Violent Unravell  Hex/Tmut       9%         3d6       56%         5
 Flame Wave               Conj/Fire      5%         3d4       77%         4
 Passage of Golubria      Tloc           5%         N/A       77%         4
 Summon Lightning Spire   Summ/Air       5%         N/A       77%         4
 Freezing Cloud           Conj/Ice/Air   5%         6-21      86%         5
 Agony                    Necr           5%         N/A       98%         5
 Silence                  Hex/Air        2%         N/A       98%         5
 Dragon Form              Tmut           15%        N/A       99%         7
 Simulacrum               Ice/Necr       6%         N/A       100%        6
 Summon Cactus Giant      Summ           2%         N/A       100%        6
 Storm Form               Tmut/Air       9%         N/A       100%        7
 Ignition                 Fire           2%         3d3       100%        8
 Lehudib's Crystal Spear  Conj/Erth      2%         10d2      100%        8
 Maxwell's Capacitive Co  Air            2%         ∞         100%        8
 Animate Armour           Summ/Erth      Unusable   N/A       N/A         4

Dungeon Overview and Level Annotations

Branches:
Dungeon (11/15)            Temple (1/1) D:5            Lair (0/6) D:11
    Orc (0/2) D:9

Altars:
Ashenzari
Cheibriados
Dithmenos
Elyvilon
Fedhas
Gozag
Hepliaklqana
Kikubaaqudgha
Makhleb
Nemelex Xobeh
Okawaru
Qazlal
Ru
Sif Muna
Trog
Uskayaw
Vehumet
Wu Jian
Xom
Yredelemnul
Zin
The Shining One

Shops:
D:2 ?


Innate Abilities, Weirdness & Mutations

You are a creature of crystalline ice.
You have a powerful freezing melee attack.
You are amphibious.
Your maximum health is increased.
Your armour is entirely melded.
You are incapable of wielding weapons or throwing items.
((You can breathe blasts of scalding, opaque steam.))
((Your pale cyan-grey scales are hard. (AC +7)))
You cannot fit into any form of body armour.
((You are cold-blooded and may be slowed by cold attacks.))
((You are immune to the effects of steam.))


Message History

The orc warrior hits you from afar with a +0 trident.
You lunge at the orc warrior, in a flurry of attacks.
You punch the orc warrior!
Your tail-slap misses the orc warrior.
The orc warrior is moderately wounded.
You closely miss the orc warrior. Your punch misses the orc warrior.
The orc warrior is moderately wounded.
The orc throws a boomerang.
The boomerang closely misses you. The orc warrior misses you.
Items here: )) [ ††.
You punch the orc warrior!
The orc warrior is severely wounded.
The orc warrior misses you.
Casting: Ice Form (dangerous; 9% risk of failure)
Confirm with . or Enter, or press ? or * to list all spells.
You turn into a creature of crystalline ice.
Your +2 hat melds into your body.
The orc closely misses you.
The orc warrior hits you with a +0 trident.
The orc hits you but does no damage.
The orc warrior hits you with a +0 trident!
You hit the orc warrior. You freeze the orc warrior.
The orc warrior is almost dead.
The orc warrior barely misses you. The orc hits you but does no damage.
You pummel the orc warrior!! You freeze the orc warrior.
You kill the orc warrior!
The Council accepts your kill. The orc hits you with a +0 club.
You punch the orc! You freeze the orc.
You kill the orc!
The Council accepts your kill.
Items here: (( )))) [ ††.
A freezing wraith is nearby!
A freezing wraith is nearby!
A freezing wraith is nearby!
Found a glowing golden altar of the Shining One.
A cyclops comes into view.
The cyclops shouts!
The cyclops throws a large rock.
The large rock hits you!!
* * * LOW HITPOINT WARNING * * *
The cyclops throws a large rock.
The large rock hits you!!
You die...

#......#...#
###+#..#..##
#...###..#
##..## #..#
##..##...##..
###..##.....#
###...## ......
##.#####...###
.._...
.......Y.#...#
......
...C...#####..#
.....# .......
...# .. .......
...# .. .......
#... ## .......
... #######


You could see a cyclops.

Vanquished Creatures
  Gastronok (D:8)
  4 two-headed ogres
  The ghost of emiel the Thaumaturge, a novice DsEE of Ru (D:9)
  2 unseen horrors
  Psyche (D:8)
  A kobold demonologist (D:11)
  19 yaks
  A spriggan (D:7)
  2 wraiths (D:11)
  A sky beast (D:7)
  2 ice beasts
  5 orc warriors
  2 necrophages
  3 ogres (D:5)
  A centaur (D:10)
  5 kobold brigands
  3 bullfrogs
  A wyvern zombie (D:8)
  4 scorpions
  A water moccasin zombie (D:5)
  A water moccasin skeleton (D:5)
  8 killer bees
  12 wights
  7 electric eels (D:10)
  3 howler monkeys
  4 centaur zombies
  4 jellies
  A gnoll shaman (D:6)
  4 hounds
  8 orc priests
  10 orc wizards
  An iguana (D:6)
  2 killer bee zombies (D:5)
  3 gnolls (D:6)
  3 adders
  A white imp (D:8)
  6 worms
  5 dart slugs
  66 orcs
  7 ball pythons
  8 bats
  4 endoplasms
  5 giant cockroaches
  5 goblins
  9 hobgoblins
  2 jackals (D:3)
  4 quokkas
  6 frilled lizards
  33 kobolds
  A quokka skeleton (D:4)
  6 rats
299 creatures vanquished.

Vanquished Creatures (others)
  A fungus (D:8)
1 creature vanquished.

Grand Total: 300 creatures vanquished

Notes
Turn   | Place    | Note
-------+----------+-------------------------------------------
     0 | D:1      | kae the Draconian Transmuter began the quest for the Orb.
     0 | D:1      | Reached XP level 1. HP: 16/16 MP: 3/3
   135 | D:1      | Reached XP level 2. HP: 18/23 MP: 3/5
   864 | D:1      | Reached XP level 3. HP: 24/28 MP: 4/6
   939 | D:1      | Learned a level 3 spell: Spider Form
  1646 | D:2      | Found Torytz's Magic Scroll Boutique.
  2044 | D:2      | Reached XP level 4. HP: 19/36 MP: 7/7
  2232 | D:2      | Reached skill level 1 in Poison Magic
  2347 | D:3      | Noticed a necrophage
  2366 | D:3      | Killed a necrophage
  2367 | D:3      | Reached skill level 4 in Unarmed Combat
  2367 | D:3      | Reached XP level 5. HP: 31/41 MP: 8/8
  2372 | D:3      | Learned a level 4 spell: Ice Form
  2463 | D:3      | Found a shimmering blue altar of Sif Muna.
  2936 | D:3      | Found a shimmering altar of Xom.
  3173 | D:3      | Found a radiant altar of Vehumet.
  3289 | D:3      | Found an iron altar of Okawaru.
  3980 | D:4      | Reached XP level 6. HP: 14/50 MP: 10/10
  4401 | D:4      | Reached skill level 1 in Ice Magic
  5000 | D:4      | Your scales start taking on a pale cyan-grey colour.
  5000 | D:4      | Reached XP level 7. HP: 48/57 MP: 7/11
  5000 | D:4      | Gained mutation: You are immune to the effects of steam.
                  | [Pale Draconian growth]
  5180 | D:4      | Reached skill level 5 in Unarmed Combat
  5426 | D:5      | Entered Level 5 of the Dungeon
  5643 | D:5      | Got the Disquisition on the Volcanoes and Black Magic
  5975 | D:5      | Noticed a yak
  5993 | D:5      | Reached XP level 8. HP: 44/66 MP: 11/13
  6178 | D:5      | Reached skill level 6 in Unarmed Combat
  6306 | D:5      | Found a staircase to the Ecumenical Temple.
  6369 | D:5      | Found a burning altar of Makhleb.
  6456 | D:5      | Found a glowing golden altar of the Shining One.
  6755 | Temple   | Entered the Ecumenical Temple
  6885 | Temple   | Became a worshipper of the Wu Jian Council
  6938 | D:6      | Reached XP level 9. HP: 56/72 MP: 12/15
  7024 | D:6      | Reached skill level 5 in Ice Magic
  7266 | D:6      | Reached skill level 7 in Unarmed Combat
  7857 | D:7      | Reached skill level 5 in Fighting
  7974 | D:7      | Reached skill level 5 in Transmutations
  8744 | D:8      | Noticed Psyche
  8748 | D:8      | Noticed Gastronok
  8754 | D:8      | Cast into level 1 of the Abyss (Psyche)
  8775 | Abyss:1  | Noticed a starcursed mass
  8782 | D:8      | Escaped the Abyss
  8790 | D:8      | Found a blossoming altar of Fedhas.
  9407 | D:8      | Found a sparkling altar of Nemelex Xobeh.
  9417 | D:8      | Found a snail-covered altar of Cheibriados.
  9447 | D:8      | Noticed a two-headed ogre
  9458 | D:8      | Reached * piety under Wu Jian
 10016 | D:7      | Killed a two-headed ogre
 10017 | D:7      | Reached skill level 5 in Dodging
 10017 | D:7      | Reached skill level 8 in Unarmed Combat
 10017 | D:7      | Reached skill level 5 in Spellcasting
 10222 | D:8      | Killed Psyche
 10223 | D:8      | Reached XP level 10. HP: 83/83 MP: 12/17
 10290 | D:8      | Killed Gastronok
 10291 | D:8      | Reached skill level 9 in Unarmed Combat
 10605 | D:8      | Found a basalt altar of Yredelemnul.
 11414 | D:9      | Reached ** piety under Wu Jian
 11434 | D:9      | Found a staircase to the Orcish Mines.
 11603 | D:9      | Got the Compendium of Intoxication and Transformation
 11635 | D:9      | Found a runed translucent gate.
 11638 | D:9      | Found a runed translucent gate.
 11709 | D:9      | Found a runed translucent gate.
 11714 | D:9      | Noticed emiel's ghost (novice DsEE)
 11730 | D:9      | HP: 2/103 [yak (11)]
 11811 | D:8      | HP: 1/103 [yak (9)]
 12312 | D:9      | Reached *** piety under Wu Jian
 12683 | D:9      | Reached XP level 11. HP: 86/92 MP: 13/20
 12689 | D:9      | Reached skill level 10 in Unarmed Combat
 13066 | D:9      | Killed emiel's ghost
 13093 | D:9      | Identified a scroll of acquirement
 13093 | D:9      | Acquired 624 gold pieces
 13246 | D:2      | Bought a scroll of fear for 35 gold pieces
 13246 | D:2      | Bought a scroll of identify for 20 gold pieces
 13246 | D:2      | Bought a scroll of fear for 35 gold pieces
 13246 | D:2      | Bought a scroll of identify for 20 gold pieces
 13246 | D:2      | Bought a scroll of identify for 20 gold pieces
 13246 | D:2      | Bought a scroll of blinking for 75 gold pieces
 13246 | D:2      | Bought a scroll of teleportation for 30 gold pieces
 13246 | D:2      | Bought a scroll of teleportation for 30 gold pieces
 13390 | D:10     | Entered Level 10 of the Dungeon
 13753 | D:10     | Found a stormy altar of Qazlal.
 13947 | D:10     | Found a broken altar of Ashenzari.
 14440 | D:10     | Found an opulent altar of Gozag.
 15812 | D:11     | Noticed a two-headed ogre
 15823 | D:11     | Killed a two-headed ogre
 15983 | D:11     | Found a staircase to the Lair.
 16009 | D:11     | Noticed a two-headed ogre
 16014 | D:11     | Killed a two-headed ogre
 16015 | D:11     | Reached skill level 11 in Unarmed Combat
 16017 | D:11     | Noticed a two-headed ogre
 16027 | D:11     | Killed a two-headed ogre
 16393 | D:11     | Noticed a death knight
 16806 | D:11     | Found a glowing golden altar of the Shining One.
 16814 | D:11     | Hit by a large rock thrown by a cyclops

Illustrated notes

Levels and vault maps discovered:
D:1:      nagdon_arrival_zigzag_paths, layout_basic
D:2:      layout_loops_cross, serial_shops, nicolae_shop_trees
D:3:      wad_crossroads, layout_basic, nicolae_sif_muna_little_library,
          mainiacjoe_overflow_brackets, lemuel_doored_altar,
          nicolae_vehumet_radiance, minmay_misc_feat_plants,
          grunt_decor_resistance, st_stairs_7
D:4:      layout_loops_ring, kennysheep_generic_room_13
D:5:      layout_cave_pools, mainiacjoe_overflow_surrounded_room,
          kennysheep_little_box, minmay_temple_entry_large_hall,
          ebering_dispersal_statue_hall
D:6:      layout_rooms
D:7:      layout_loops_cross, roderic_roman_lattice, minmay_misc_feat_ornament,
          the_hattery
D:8:      layout_rooms, kennysheep_mini, fedhas_altar_2,
          mainiacjoe_overflow_tiny_flanked, mainiacjoe_overflow_catwalk,
          uniq_gastronok, uniq_psyche
D:9:      layout_basic, hiddenorc2_lemuel, ebering_ghost_rock_garden
D:10:     layout_basic, mainiacjoe_overflow_alcove_4, old_standard_altar,
          nicolae_qazlal_eye_of_the_storm
D:11:     layout_roguey, lair_entry_dummy, tso_metal_star
Temple:   nicolae_temple_figure_zero

Skill      XL: |  1  2  3  4  5  6  7  8  9 10 11 |
---------------+----------------------------------+-----
Dodging        | 2 3 4 5 6 7 |  7.1
Poison Magic   | 1 2 |  2.0
Fighting       | 2 3 4 6 7 8 |  8.3
Unarmed Combat | 4 5 6 8 9 11 | 11.2
Transmutations | 3 4 5 6 7 |  7.7
Ice Magic      | 2 3 4 5 |  5.0
Spellcasting   | 3 4 5 6 7 |  7.1

Action                   |  1- 3 |  4- 6 |  7- 9 | 10-12 || total
-------------------------+-------+-------+-------+-------++-------
Melee: Unarmed           |    39 |    29 |   255 |   328 ||   651
       Kick              |    12 |    25 |       |       ||    37
       Tailslap          |    10 |    22 |     7 |     1 ||    40
       Headbutt          |     7 |    15 |       |       ||    22
       Dagger            |    71 |   195 |     3 |       ||   269
       Punch             |     1 |     3 |       |     2 ||     6
 Cast: Beastly Appendage |    23 |    23 |       |       ||    46
       Spider Form       |       |     4 |    20 |       ||    24
       Ice Form          |       |       |    13 |    37 ||    50
Invok: Lunge             |       |       |    10 |    24 ||    34
       Whirlwind         |       |       |     3 |    12 ||    15
 Abil: Breathe Steam     |       |       |     6 |     8 ||    14
       End Transformatio |       |       |     1 |       ||     1
Evoke: Wand              |       |       |     2 |     1 ||     3
  Use: Potion            |       |     1 |       |       ||     1
       Scroll            |       |     7 |    15 |     9 ||    31
 Stab: Sleeping          |       |     1 |       |       ||     1
Armor: Skin              |    36 |    67 |    42 |   124 ||   269
Dodge: Dodged            |    89 |   142 |   209 |   157 ||   597

Table legend: (Time is in decaauts)
 A = Elapsed time spent in this place.
 B = Non-inter-level travel time spent in this place.
 C = Inter-level travel time spent in this place.
 D = Time resting spent in this place.
 E = Time spent auto-exploring this place.
 F = Levels seen in this place.
 G = Mean time per level.
                   A        B        C        D        E       F      G
               +--------+--------+--------+--------+--------+-----+--------+
         Total |  16736 |  15957 |    779 |   2619 |  10851 |  13 | 1287.4 |
       Dungeon |  16567 |  15813 |    754 |   2619 |  10738 |  11 | 1506.1 |
        Temple |    140 |    115 |     25 |      0 |    113 |   1 |  140.0 |
         Abyss |     27 |     27 |      0 |      0 |      0 |   1 |   27.0 |
               +--------+--------+--------+--------+--------+-----+--------+

Top non-repeatable levels by time:
    D:10: 2453 daAuts
     D:8: 2331 daAuts
     D:4: 1697 daAuts
     D:7: 1591 daAuts
     D:3: 1586 daAuts
     D:9: 1302 daAuts
     D:1: 1289 daAuts
     D:5: 1267 daAuts
     D:6: 1062 daAuts
     D:2: 1054 daAuts
    D:11: 931 daAuts
  Temple: 140 daAuts
 Abyss:1: 27 daAuts
